 Dungeon Crawl Stone Soup version 0.21-a0-507-ga8f6b7a (webtiles) character file.

49 kibaces the Skirmisher (level 3, -3/30 HPs)
             Began as a Demonspawn Abyssal Knight on Nov 27, 2017.
             Was a Follower of Lugonu.
             Slain by a gnoll
             ... wielding a +0 spear
              (8 damage)
             ... on level 1 of the Dungeon.
             The game lasted 00:06:11 (1845 turns).

kibaces the Skirmisher (Demonspawn Abyssal Knight)  Turns: 1845, Time: 00:06:12

Health: -3/30      AC:  4    Str: 13    XL:     3   Next: 53%
Magic:  5/5        EV: 11    Int: 13    God:    Lugonu [*.....]
Gold:   58         SH:  0    Dex: 12    Spells: 2/2 levels left

rFire    . . .     SeeInvis .   a - +1 mace
rCold    . . .     Gourm    .   (no shield)
rNeg     . . .     Faith    .   b - +0 leather armour
rPois    .         Spirit   .   g - +0 helmet
rElec    .         Reflect  .   (no cloak)
rCorr    .         Harm     .   (no gloves)
MR       .....                  (no boots)
Stlth    +.........             (no amulet)
HPRegen  0.10/turn              (no ring)
MPRegen  0.09/turn              (no ring)

@: no status effects
A: talons 1
a: Depart the Abyss, Renounce Religion


You were on level 1 of the Dungeon.
You worshipped Lugonu.
Lugonu was aware of your devotion.
You were hungry.

You visited 1 branch of the dungeon, and saw 2 of its levels.
You visited the Abyss 1 time.

You collected 58 gold pieces.

Inventory:

Hand Weapons
 a - a +1 mace (weapon)
Armour
 b - a +0 leather armour (worn)
 g - a +0 helmet (worn)
Scrolls
 h - 3 scrolls of identify {unknown}
 i - 2 scrolls of noise {unknown}
Potions
 d - 6 potions of curing {unknown}
 e - a potion of agility {unknown}
Comestibles
 c - 2 bread rations


   Skills:
 + Level 3.8 Fighting
 + Level 2.4 Maces & Flails
 + Level 2.0 Armour
 - Level 1.1 Dodging
 + Level 2.8 Invocations


You had 2 spell levels left.
You didn't know any spells.

Dungeon Overview and Level Annotations

Branches:
Dungeon (2/15)

Altars:
Kikubaaqudgha


Innate Abilities, Weirdness & Mutations

You have sharp toenails.


Message History

The gnoll hits you but does no damage. The gnoll hits you with a spear.
The gnoll barely misses you.
There is a stone staircase leading up here.
You can't go down here!
The gnoll barely misses you. The gnoll hits you with a spear!
You climb upwards.
There is a stone staircase leading down here.
You hit the gnoll. Your kick misses the gnoll.
The gnoll is moderately wounded.
The gnoll hits you with a spear. The gnoll barely misses you.
The gnoll hits you but does no damage. x2
The gnoll hits you from afar with a spear.
Okay, then.
The gnoll barely misses you.
The gnoll hits you from afar with a spear.
* * * LOW HITPOINT WARNING * * *
The gnoll hits you from afar with a spear.
* * * LOW HITPOINT WARNING * * *
The gnoll hits you with a spear!
You die...

##.#####.#.8.8.##.#..#####
######.## #.#.....##.#..#
#....)..# #.#.....##.#..#
#.####..####.#.8.8.##.#..#
#.# #..#....###'####.#..#
#.# #..#.######.#.......#
#.# ####.#....#.#g##....#
#.# #.#.##.#.g.####### #.#
#.#.##.#@###
#.#######.#.##...#
#.#.........######
#.#.#####.#### #.#.#
#......# ..#.###.#..#.#
###.....#..#.#
#####.#.##.#.#
....#.#.#..#.#


You could see 2 gnolls.

Vanquished Creatures
  An adder (D:2)
  A gnoll (D:2)
  An ooze (D:2)
  A leopard gecko (D:2)
  A bat (D:1)
  A giant cockroach (D:2)
  6 goblins
  A hobgoblin (D:1)
  2 jackals (D:1)
  A kobold (D:1)
  A frilled lizard (D:1)
  8 rats
25 creatures vanquished.

Notes
Turn   | Place    | Note
-------+----------+-------------------------------------------
     0 | Abyss:1  | kibaces the Demonspawn Abyssal Knight began the quest for the Orb.
     0 | Abyss:1  | Reached XP level 1. HP: 18/18 MP: 2/2
    81 | Abyss:1  | Found a deep blue altar of Sif Muna.
    92 | D:1      | Escaped the Abyss
   555 | D:1      | Gained mutation: You have sharp toenails. [demonic ancestry]
   555 | D:1      | Reached XP level 2. HP: 24/24 MP: 3/3
  1207 | D:2      | Reached skill level 1 in Dodging
  1232 | D:2      | Reached XP level 3. HP: 24/30 MP: 5/5
  1553 | D:2      | Found an ancient bone altar of Kikubaaqudgha.
  1845 | D:1      | Slain by a gnoll

Vault maps used:
D:1:      elethiomel_arrival_quiet
D:2:      lemuel_doored_altar
Abyss:1:  evilmike_abyss_exit_7

Skill      XL: |  1  2  3 |
---------------+----------+-----
Dodging        | 1 |  1.1
Maces & Flails | 2 |  2.4
Armour         | 2 |  2.0
Fighting       | |  3.8
Invocations    | |  2.8

Action                   || total
-------------------------++-------
Melee: Mace              ||    71
       Kick              ||     5
  Eat: Chunk             ||     2
Armor: Leather armour    ||    28
Dodge: Dodged            ||    49

Table legend:
 A = Spawn XP
 B = Non-spawn XP
 C = Spawn XP percentage of total XP
 D = Spawn monster count
 E = Non-spawn monster count
 F = Spawn count percentage of total count
 G = Total turns spent on level
                    A         B        C        D         E        F      G
               +---------+---------+-------+---------+---------+-------+---------
         Total |       0 |      71 |   0.0 |       0 |      25 |   0.0 |  1845
               +---------+---------+-------+---------+---------+-------+---------
           D:1 |       0 |      24 |   0.0 |       0 |      16 |   0.0 |  1271
           D:2 |       0 |      47 |   0.0 |       0 |       9 |   0.0 |   482
               +---------+---------+-------+---------+---------+-------+---------
